 Dungeon Crawl Stone Soup version 0.27-a0-1184-ge86db4a01e (webtiles) character file.

Game seed: 1827323813860059399

97 siradein the Shield-Bearer (level 4, 0/41 HPs)
             Began as a Gnoll Fighter on May 19, 2021.
             Succumbed to a kobold brigand's poison
             ... on level 3 of the Dungeon.
             The game lasted 00:09:39 (2538 turns).

siradein the Shield-Bearer (Gnoll Fighter)          Turns: 2538, Time: 00:09:40

Health: 0/41       AC: 11    Str: 16    XL:     4   Next: 68%
Magic:  5/5        EV:  8    Int:  7    God:
Gold:   96         SH: 10    Dex: 12    Spells: 5/5 levels left

rFire    . . .     SeeInvis .   a - +0 long sword
rCold    . . .     Faith    .   c - +0 kite shield
rNeg     . . .     Spirit   .   b - +0 scale mail
rPois    .         Reflect  .   n - +0 helmet
rElec    .         Harm     .   e - +1 cloak
rCorr    +         Rampage  .   (no gloves)
Will     .....                  (no boots)
Stlth    ..........             (no amulet)
HPRegen  0.13/turn              p - ring of resist corrosion
MPRegen  0.09/turn              (no ring)

@: lethally poisoned (0 -> -10)
A: fangs 1, strong nose, distributed training
a: no special abilities


You were on level 3 of the Dungeon.
You visited 1 branch of the dungeon, and saw 4 of its levels.

You collected 96 gold pieces.

Inventory:

Hand Weapons
 a - a +0 long sword (weapon)
 s - a +0 longbow
Missiles
 h - 3 silver javelins (quivered)
 t - 73 arrows
Armour
 b - a +0 scale mail (worn)
 c - a +0 kite shield (worn)
 e - a +1 cloak (worn)
 n - a +0 helmet (worn)
Jewellery
 m - a ring of ice
 p - a ring of resist corrosion (left hand)
Scrolls
 g - a scroll of noise {unknown}
 i - a scroll of immolation {unknown}
 j - a scroll of amnesia {unknown}
 l - a scroll of teleportation {unknown}
Potions
 d - a potion of might
 f - a potion of flight {unknown}
 k - a potion of magic {unknown}
 o - a potion of mutation {unknown}
 q - a potion of invisibility {unknown}
 r - 3 potions of lignification {unknown}
 u - a potion of berserk rage {unknown}
 v - a potion of attraction {unknown}


   Skills:
 + Level 6.6 Fighting
 + Level 1.2 Short Blades
 + Level 4.7 Long Blades
 + Level 1.2 Axes
 + Level 1.2 Maces & Flails
 + Level 1.2 Polearms
 + Level 1.2 Staves
 + Level 1.2 Slings
 + Level 1.2 Bows
 + Level 1.2 Crossbows
 + Level 1.2 Throwing
 + Level 6.6 Armour
 + Level 1.2 Dodging
 + Level 1.2 Stealth
 + Level 6.6 Shields
 + Level 1.2 Unarmed Combat
 + Level 1.2 Spellcasting
 + Level 1.0 Conjurations
 + Level 1.0 Hexes
 + Level 1.0 Summonings
 + Level 1.0 Necromancy
 + Level 1.0 Translocations
 + Level 1.0 Transmutations
 + Level 1.0 Fire Magic
 + Level 1.0 Ice Magic
 + Level 1.0 Air Magic
 + Level 1.0 Earth Magic
 + Level 1.0 Poison Magic
 + Level 1.3 Invocations
 + Level 1.2 Evocations


You had 5 spell levels left.
You didn't know any spells.
Your spell library was empty.

Dungeon Overview and Level Annotations

Branches:
Dungeon (4/15)
 Temple: D:4-7

Altars:
Wu Jian


Innate Abilities, Weirdness & Mutations

You have very sharp teeth.
Your uncanny sense of smell can sniff out nearby items.
Your experience applies equally to all skills.


Message History

You feel sick.
You feel sick.
You feel sick.
You feel sick.
You feel sick.
You feel sick.
There is a stone staircase leading up here.
You feel sick.
You are no longer poisoned.
You block the gnoll's attack.
You climb upwards.
There is a stone staircase leading down here.
The kobold brigand throws a poisoned dart.
The poisoned dart hits you!
You are poisoned.
You feel sick.
You feel sick.
The kobold brigand throws a poisoned dart.
You block the poisoned dart.
You feel sick.
You feel sick.
The kobold brigand throws a poisoned dart.
The poisoned dart hits you!
You are more poisoned.
* * * LOW HITPOINT WARNING * * *
You feel sick.
The kobold brigand throws a poisoned dart.
The poisoned dart barely misses you.
You feel sick.
* * * LOW HITPOINT WARNING * * *
You feel sick.
You feel sick.
You feel sick.
You feel sick.
You feel sick.
You are no longer poisoned.
The kobold brigand throws a poisoned dart.
The poisoned dart hits you!
You are lethally poisoned!
You die...

##### #.............##...#
#####...#####........######...#
#<.##...##.<#####'#########....
#...#...#...######≈≈≈≈≈#.##.#..
###.'#...#'.###...#≈....#.##.#..
#.###.....###.#...#≈....#.......
#.............#...#≈....#.......
#......⌠..........######'.......
#....)†........@......##.......>
#####)....#####.................
##.'#...#'.###........K......##
#...#...#...####.............#.
#<.##...##.>#.....##.........#.
#####...#####.##..############.
#####........## #. #.....#### #.
#.....# ##


There were no monsters in sight!

Vanquished Creatures
  A gnoll (D:4)
  2 worms
  3 dart slugs
  6 orcs (D:3)
  2 endoplasms
  2 giant cockroaches
  3 hobgoblins
  3 jackals (D:1)
  8 ball pythons
  7 bats
  14 frilled lizards
  10 goblins
  5 kobolds
  4 rats
70 creatures vanquished.

Vanquished Creatures (others)
  7 plants (D:1)
7 creatures vanquished.

Grand Total: 77 creatures vanquished

Notes
Turn   | Place    | Note
-------+----------+-------------------------------------------
     0 | D:1      | siradein the Gnoll Fighter began the quest for the Orb.
     0 | D:1      | Reached XP level 1. HP: 23/23 MP: 1/1
    65 | D:1      | Reached XP level 2. HP: 29/29 MP: 2/2
   158 | D:1      | Found a faded altar of an unknown god.
   465 | D:1      | Reached XP level 3. HP: 35/35 MP: 3/3
   891 | D:2      | Reached skill level 1 in Invocations
  1102 | D:2      | Reached skill level 1 in Short Blades
  1102 | D:2      | Reached skill level 1 in Axes
  1102 | D:2      | Reached skill level 1 in Maces & Flails
  1102 | D:2      | Reached skill level 1 in Polearms
  1102 | D:2      | Reached skill level 1 in Staves
  1102 | D:2      | Reached skill level 1 in Slings
  1102 | D:2      | Reached skill level 1 in Bows
  1102 | D:2      | Reached skill level 1 in Crossbows
  1102 | D:2      | Reached skill level 1 in Throwing
  1102 | D:2      | Reached skill level 1 in Dodging
  1102 | D:2      | Reached skill level 1 in Stealth
  1102 | D:2      | Reached skill level 1 in Unarmed Combat
  1102 | D:2      | Reached skill level 1 in Spellcasting
  1102 | D:2      | Reached skill level 1 in Evocations
  1409 | D:3      | Reached XP level 4. HP: 35/41 MP: 5/5
  1890 | D:3      | Noticed a kobold brigand
  2478 | D:4      | Reached skill level 1 in Conjurations
  2478 | D:4      | Reached skill level 1 in Hexes
  2478 | D:4      | Reached skill level 1 in Summonings
  2478 | D:4      | Reached skill level 1 in Necromancy
  2478 | D:4      | Reached skill level 1 in Translocations
  2478 | D:4      | Reached skill level 1 in Transmutations
  2478 | D:4      | Reached skill level 1 in Fire Magic
  2478 | D:4      | Reached skill level 1 in Ice Magic
  2478 | D:4      | Reached skill level 1 in Air Magic
  2478 | D:4      | Reached skill level 1 in Earth Magic
  2478 | D:4      | Reached skill level 1 in Poison Magic
  2493 | D:4      | Found an ornate altar of the Wu Jian Council.
  2533 | D:3      | HP: 2/41 [poisoned by a kobold brigand]
  2538 | D:3      | Succumbed to a kobold brigand's poison

Illustrated notes

Levels and vault maps discovered:
D:1:      beargit_arrival_greenhouse, layout_loops_ring,
          shapermc_ecumenical_altar_starsandcircs, minmay_lizard_king
D:2:      layout_loops_ring
D:3:      layout_rooms, grunt_ministairs_6, dk_vineyard_1,
          chequers_serial_rivers_room_a, minmay_quadrilaterals
D:4:      layout_basic, lemuel_round_altar, marbit_many_paths,
          lightli_ossuary_entry_decrepit_ruins, minmay_door_square,
          uniq_eustachio, uniq_edmund

Skill      XL: |  1  2  3  4 |
---------------+-------------+-----
Invocations    | 1 |  1.3
Short Blades   | 1 |  1.2
Axes           | 1 |  1.2
Maces & Flails | 1 |  1.2
Polearms       | 1 |  1.2
Staves         | 1 |  1.2
Slings         | 1 |  1.2
Bows           | 1 |  1.2
Crossbows      | 1 |  1.2
Throwing       | 1 |  1.2
Dodging        | 1 |  1.2
Stealth        | 1 |  1.2
Unarmed Combat | 1 |  1.2
Spellcasting   | 1 |  1.2
Evocations     | 1 |  1.2
Conjurations   | 1 |  1.0
Hexes          | 1 |  1.0
Summonings     | 1 |  1.0
Necromancy     | 1 |  1.0
Translocations | 1 |  1.0
Transmutations | 1 |  1.0
Fire Magic     | 1 |  1.0
Ice Magic      | 1 |  1.0
Air Magic      | 1 |  1.0
Earth Magic    | 1 |  1.0
Poison Magic   | 1 |  1.0
Fighting       | |  6.6
Long Blades    | |  4.7
Armour         | |  6.6
Shields        | |  6.6

Action                   |  1- 3 |  4- 6 || total
-------------------------+-------+-------++-------
Melee: Long sword        |   119 |    65 ||   184
       Bite              |     4 |     7 ||    11
Armor: Scale mail        |    49 |    36 ||    85
Dodge: Dodged            |    34 |    36 ||    70
Block: Kite shield       |    76 |    51 ||   127
       Rpst.: Long sword |    10 |    13 ||    23

Table legend: (Time is in decaauts)
 A = Elapsed time spent in this place.
 B = Non-inter-level travel time spent in this place.
 C = Inter-level travel time spent in this place.
 D = Time resting spent in this place.
 E = Time spent auto-exploring this place.
 F = Levels seen in this place.
 G = Mean time per level.
                   A        B        C        D        E       F      G
               +--------+--------+--------+--------+--------+-----+--------+
         Total |   2603 |   2396 |    207 |      3 |   1809 |   4 |  650.8 |
       Dungeon |   2603 |   2396 |    207 |      3 |   1809 |   4 |  650.8 |
               +--------+--------+--------+--------+--------+-----+--------+

Top non-repeatable levels by time:
     D:3: 950 daAuts
     D:1: 847 daAuts
     D:2: 739 daAuts
     D:4: 64 daAuts
